 Dungeon Crawl Stone Soup version 0.30.1-4-g462c640d31 (webtiles) character file.

Game seed: 14207817186859696622

1134 Janerl the Cudgeller (level 8, -3/115 HPs)
             Began as an Armataur Berserker on Aug 26, 2023.
             Was a Priest of Trog.
             Slain by an orc
             ... wielding a +0 falchion
              (5 damage)
             ... on level 6 of the Dungeon.
             The game lasted 00:17:05 (4204 turns).

Janerl the Cudgeller (Armataur Berserker)           Turns: 4204, Time: 00:17:06

Health: -3/115     AC: 15    Str: 21    XL:     8   Next: 14%
Magic:  8/8        EV:  9    Int:  8    God:    Trog [***...]
Gold:   319        SH:  5    Dex: 15    Spells: 7/7 levels left

rFire   . . .        p - +2 flail (protect)
rCold   . . .        (no shield)
rNeg    . . .        g - +0 ring mail {rPois}
rPois   +            h - +0 helmet
rElec   .            (no cloak)
rCorr   .            (no gloves)
SInv    .            (no barding)
Will    .....        i - amulet of reflection Stlth
                     (no ring)
HPRegen 0.39/turn    (no ring)
MPRegen 0.11/turn

%: reflection, roll
@: berserking, lethally poisoned (-3 -> -4), under a protective aura, very quick
A: large, rugged brown scales 3, deformed body, armoured tail, roll, long
tongue, awkward tongue, agile 1, deterioration 1, high MP 1, sense surroundings
2, robust 1
a: Renounce Religion, Berserk, Trog's Hand


You were on level 6 of the Dungeon.
You worshipped Trog.
Trog was most pleased with you.
You visited 1 branch of the dungeon, and saw 7 of its levels.

You collected 319 gold pieces.

Inventory:

Hand Weapons
 p - a +2 flail of protection (weapon)
Missiles
 c - 6 boomerangs (quivered)
 m - 5 curare-tipped darts
 s - a throwing net
Armour
 b - a +0 animal skin
 g - a +0 ring mail of poison resistance (worn)
 h - a +0 helmet (worn)
 r - a scarf of harm
 u - a +8 chain mail of ponderousness
Jewellery
 i - an amulet of reflection (around neck)
 l - a ring of ice
Scrolls
 e - 7 scrolls of identify {unknown}
 f - 2 scrolls of enchant armour {unknown}
 j - a scroll of magic mapping {unknown}
 k - a scroll of noise {unknown}
 o - 2 scrolls of blinking {unknown}
 q - a scroll of teleportation {unknown}
Potions
 a - a potion of magic {unknown}
 d - 2 potions of cancellation {unknown}
 n - 2 potions of degeneration {unknown}
 t - a potion of might {unknown}
 v - a potion of heal wounds {unknown}


   Skills:
 + Level 4.2 Fighting
 + Level 6.5 Maces & Flails
 + Level 0.6 Throwing
 + Level 5.9 Armour
 + Level 2.4 Dodging
 + Level 1.7 Stealth
 + Level 2.2 Shields


You had 7 spell levels left.
You didn't know any spells.
Your spell library was empty.

Dungeon Overview and Level Annotations

Branches:
Dungeon (7/15)
 Temple: D:4-7

Altars:

Shops:
D:2 ([[=   D:3 :


Innate Abilities, Weirdness & Mutations

You are completely covered in rugged brown scales. (AC +3, +7% HP)
Armour fits poorly on your strangely shaped body.
You have a long armoured tail.
You roll when moving toward enemies. (Rampage)
Your long tongue fully drains potion bottles. (2x potion effects)
Your tongue gives you trouble enunciating. (1.5x scroll delay)
You are agile. (Dex +4, Str/Int -1)
Your body sometimes deteriorates upon taking damage.
You have an increased reservoir of magic. (+10% MP)
You passively map the area around you.
You are robust. (+10% HP)


Message History

Trog accepts your kill.
You feel sick. The ufetubus closely misses you.
You block the ufetubus's attack. The gnoll hits you with a +0 halberd.
* * * LOW HITPOINT WARNING * * *
The gnoll sergeant closely misses you. The gnoll hits you but does no damage.
The orc wizard hits you with a +0 dagger.
* * * LOW HITPOINT WARNING * * *
You bludgeon the gnoll!!
You kill the gnoll!
Trog accepts your kill. The ufetubus hits you.
* * * LOW HITPOINT WARNING * * *
The ufetubus hits you but does no damage.
You block the ufetubus's attack. The ufetubus misses you.
The gnoll closely misses you.
The gnoll sergeant hits you but does no damage.
The orc wizard gestures at you while chanting.
The puff of flame hits you.
* * * LOW HITPOINT WARNING * * *
You block the orc's attack. The orc barely misses you.
You sock the orc wizard!
The orc wizard is almost dead.
You feel sick.
You thump the orc wizard!
You kill the orc wizard!
Trog accepts your kill.
Trog appreciates your killing of a magic user.
You feel sick.
The ufetubus hits you but does no damage. x2
The orc closely misses you. You block the gnoll's attack.
The gnoll sergeant closely misses you. The orc hits you with a +0 club.
* * * LOW HITPOINT WARNING * * *
The ufetubus hits you but does no damage. x2
You feel your dexterity returning.
* * * LOW HITPOINT WARNING * * *
You feel sick.
The ufetubus hits you but does no damage.
You block the ufetubus's attack. The orc closely misses you.
The orc hits you with a +0 falchion.
You die...

** *,...............,,
* , #............... *
, ##...............## *
.#.................#*
** ....................
, ,
.....#.............* *
, . #.................*
,,* *
..##<...5og......... ,
> *
**........@.g.......###
**
.......)o)....###...##,
,
*#.....>##..#.........
,, ,
#....#.######.......g
....###.....#..##.....
, *
,...................#.<
,, , , ,
............#.##.#.# ,
, ,
..........##....#,** ,
,* ,, .........###.....


You could see a gnoll sergeant, a gnoll, 2 orcs and an ufetubus.

Vanquished Creatures
  Edmund (D:5)
  An ogre (D:4)
  A phantom (D:5)
  5 scorpions
  2 howler monkeys
  2 hounds
  4 orc priests
  A sleepcap (D:4)
  2 orc wizards
  10 gnolls
  5 adders
  A white imp (D:5)
  An ufetubus (D:5)
  5 worms
  3 dart slugs
  8 orcs
  2 ball pythons
  2 bats
  2 endoplasms
  2 giant cockroaches
  7 goblins
  3 hobgoblins
  8 jackals
  A quokka (D:1)
  3 frilled lizards
  7 kobolds
  3 rats
92 creatures vanquished.

Notes
Turn   | Place    | Note
-------+----------+-------------------------------------------
     0 | D:1      | Janerl the Armataur Berserker began the quest for the Orb.
     0 | D:1      | Reached XP level 1. HP: 19/19 MP: 1/1
    21 | D:1      | Found a faded altar of an unknown god.
   381 | D:1      | Reached XP level 2. HP: 27/27 MP: 2/2
   495 | D:1      | Reached skill level 3 in Maces & Flails
   916 | D:2      | Found Codotso's Jewellery Shop.
   956 | D:2      | Found Patzoufa's Antique Armour Shop.
  1020 | D:2      | Found Neugyd's Weapon Boutique.
  1146 | D:2      | Reached XP level 3. HP: 16/33 MP: 3/3
  1258 | D:2      | Found Vijutoh's Armour Shoppe.
  1638 | D:3      | Reached XP level 4. HP: 36/40 MP: 4/4
  1816 | D:3      | Gained mutation: You have hidden genetic potential. [potion
                  | of mutation]
  1816 | D:3      | Gained mutation: Your body sometimes deteriorates upon
                  | taking damage. [potion of mutation]
  1816 | D:3      | Gained mutation: You are agile. (Dex +4, Str/Int -1)
                  | [potion of mutation]
  1816 | D:3      | Gained mutation: You have an increased reservoir of magic.
                  | (+10% MP) [potion of mutation]
  1816 | D:3      | Gained mutation: You passively map a small area around you.
                  | [potion of mutation]
  1823 | D:3      | Found Adus's Book Shop.
  2249 | D:3      | Reached ** piety under Trog
  2384 | D:4      | Reached skill level 4 in Maces & Flails
  2384 | D:4      | Reached XP level 5. HP: 6/48 MP: 5/5
  2403 | D:4      | Gained mutation: You are robust. (+10% HP) [hidden
                  | potential]
  2589 | D:4      | Reached skill level 1 in Stealth
  2699 | D:4      | Noticed an ogre
  2706 | D:4      | Killed an ogre
  2707 | D:4      | Reached XP level 6. HP: 41/59 MP: 6/6
  2707 | D:4      | Gained mutation: You passively map the area around you.
                  | [hidden potential]
  2707 | D:4      | Lost mutation: You have hidden genetic potential. [hidden
                  | potential expressed]
  2787 | D:4      | Reached skill level 1 in Shields
  3085 | D:5      | Entered Level 5 of the Dungeon
  3191 | D:5      | Reached skill level 5 in Maces & Flails
  3303 | D:5      | Reached XP level 7. HP: 67/67 MP: 7/7
  3422 | D:5      | Noticed Edmund
  3431 | D:5      | Killed Edmund
  3432 | D:5      | Reached skill level 5 in Armour
  3762 | D:5      | Reached skill level 6 in Maces & Flails
  4193 | D:6      | Reached XP level 8. HP: 57/77 MP: 8/8
  4201 | D:6      | Reached *** piety under Trog
  4202 | D:6      | HP: 5/115 [poisoned by a scorpion]
  4204 | D:6      | HP: 2/115 [poisoned by a scorpion]
  4204 | D:6      | Slain by an orc

Illustrated notes

Levels and vault maps discovered:
D:1:      minmay_arrival_loop, layout_basic, hellmonk_ecumenical_altar_blasted,
          lexackson_kobold_supper
D:2:      layout_loops_ring, serial_shops, shop, shop, shop,
          nicolae_shop_rolling_square
D:3:      layout_basic, serial_shops, shop
D:4:      layout_rooms
D:5:      minmay_angry_zag, layout_loops_ring, minmay_misc_feat_plants,
          uniq_edmund
D:6:      kennysheep_kobold_camp, layout_cave_pools,
          nicolae_elyvilon_peaceful_grove, minmay_temple_entry_offerings,
          uniq_sigmund
D:7:      layout_gridville

Skill      XL: |  1  2  3  4  5  6  7 |
---------------+----------------------+-----
Fighting       | 3 4 |  4.2
Maces & Flails | 3 4 5 6 |  6.5
Armour         | 3 4 5 |  5.9
Stealth        | 1 |  1.7
Dodging        | 2 |  2.4
Shields        | 1 2 |  2.2
Throwing       | |  0.6

Action                     |  1- 3 |  4- 6 |  7- 9 || total
---------------------------+-------+-------+-------++-------
  Melee: Mace              |    84 |   127 |    12 ||   223
         Tailslap          |     6 |    18 |    14 ||    38
         Punch             |     1 |     3 |     3 ||     7
         Flail             |       |       |    88 ||    88
  Throw: Boomerang         |     7 |       |       ||     7
         Dart              |       |       |     4 ||     4
 Invoke: Berserk           |       |       |     1 ||     1
    Use: Potion            |       |     2 |       ||     2
   Stab: Sleeping          |     1 |       |       ||     1
 Armour: Animal skin       |    24 |       |       ||    24
         Ring mail         |    12 |    46 |    71 ||   129
  Dodge: Dodged            |    43 |    45 |    59 ||   147
  Block: Other             |     2 |    38 |    35 ||    75
         Reflection        |       |       |     1 ||     1
